 Dungeon Crawl Stone Soup version 0.15-a0-335-g04a2ae6 (webtiles) character file.

641 4tharraofdagon the Firebug (level 7, -9/36 HPs)
             Began as a Deep Elf Fire Elementalist on May 1, 2014.
             Was a Believer of Vehumet.
             Mangled by an ogre
             ... wielding a +0,+0 giant club
              (29 damage)
             ... on Level 8 of the Dungeon.
             The game lasted 00:12:06 (1878 turns).

4tharraofdagon the Firebug (DEFE)                   Turns: 1878, Time: 00:12:07

HP  -9/36        AC  3     Str  7      XL: 7   Next: 24%
MP  12/23        EV 13     Int 22      God: Vehumet [**....]
Gold 9           SH  0     Dex 15      Spells:  4 memorised,  4 levels left

rFire  + . .     SeeInvis .     j - +5 trident "Yrix" {vamp, +Fly rF+ rC+}
rCold  + . .     Clarity  .     a - +0 robe
rNeg   . . .     Conserve +     (no shield)
rPois  .         rCorr    .     (no helmet)
rElec  .         rRot     .     e - +0 cloak
SustAb . .       Spirit   .     (no gloves)
rMut   .         Warding  .     (no boots)
Saprov . . .     Stasis   .     t - amulet "Racs" {Cons +Rage Acc+5}
MR     .....                    (no ring)
                                (no ring)

@: exhausted, lethally poisoned, slowed, very slow, not resistant to hostile
enchantments, unstealthy
A: strong 1
a: Renounce Religion, Evoke Berserk Rage, Evoke Flight


You were on level 8 of the Dungeon.
You worshipped Vehumet.
Vehumet was pleased with you.
You were very hungry.

You visited 1 branch of the dungeon, and saw 8 of its levels.

You collected 249 gold pieces.
You spent 240 gold pieces at shops.

Inventory:

Hand weapons
 j - the +5,+5 trident "Yrix" (weapon) {vamp, +Fly rF+ rC+}
   (You found it on level 6 of the Dungeon)

   It inflicts no extra harm, but heals its wielder somewhat when it strikes a
   living foe.
   It protects you from fire.
   It protects you from cold.
   It lets you fly.
 n - a +2,+0 mace of protection
 y - a +3,+0 long sword
Missiles
 g - 2 poisoned darts (quivered)
 x - a throwing net
Armour
 a - a +0 robe (worn)
 e - a +0 cloak (worn)
Magical devices
 k - a wand of fireball (0)
 r - a wand of slowing (6)
Comestibles
 c - a bread ration
 d - a meat ration
Scrolls
 f - 3 scrolls of remove curse
 h - a scroll of recharging
 l - 2 scrolls of magic mapping {unknown}
 m - 3 scrolls of enchant weapon I {unknown}
 q - 2 scrolls of teleportation {unknown}
 s - a scroll of blinking {unknown}
Jewellery
 t - the amulet "Racs" (around neck) {Cons +Rage Acc+5}
   (You bought it in a shop on level 7 of the Dungeon)

   [amulet of conservation]

   It protects your inventory from destruction.
   It affects your accuracy with ranged weapons and melee attacks (+5).
   It lets you go berserk.
Potions
 i - 3 potions of agility
 o - a potion of might
 p - a potion of heal wounds
 v - a potion of brilliance
Books
 b - a book of Flames

   Spells                             Type                      Level
   *Flame Tongue                      Conjuration/Fire             1
   Throw Flame                        Conjuration/Fire             2
   *Conjure Flame                     Conjuration/Fire             3
   Inner Flame                        Hexes/Fire                   3
   *Sticky Flame                      Conjuration/Fire             4
   *Fireball                          Conjuration/Fire             5
 w - a book of Air

   Spells                             Type                      Level
   Shock                              Conjuration/Air              1
   Swiftness                          Charms/Air                   2
   Repel Missiles                     Charms/Air                   2
   Flight                             Charms/Air                   3
   Static Discharge                   Conjuration/Air              3
   Lightning Bolt                     Conjuration/Air              5


   Skills:
 - Level 2.4 Dodging
 - Level 2.4 Stealth
 * Level 5.6 Spellcasting
 + Level 5.2 Conjurations
 + Level 6.4 Fire Magic


You had 4 spell levels left.
You knew the following spells:

 Your Spells              Type           Power        Failure   Level  Hunger
a - Flame Tongue          Conj/Fire      ####.        1%          1    None
b - Conjure Flame         Conj/Fire      ####....     2%          3    ##.....
c - Sticky Flame          Conj/Fire      ####....     12%         4    ####...
d - Fireball              Conj/Fire      ####......   28%         5    #####..


Dungeon Overview and Level Annotations

Branches:
Dungeon (8/15)
 Temple: D:4-7         Lair: D:8-11

Altars:
Kikubaaqudgha
Makhleb
Okawaru
Vehumet
Xom
The Shining One

Shops:
D:7 *


Innate Abilities, Weirdness & Mutations

Your muscles are strong. (Str +2)


Message History

Eat which item? (? for menu, Esc to quit)
Okay, then.
You feel sick.
You feel sick.
You feel sick.
You feel sick.
An ogre comes into view. It is wielding a giant club.
The ogre shouts!
The ogre barely misses you. x2
Casting: Sticky Flame
Confirm with . or Enter, or press ? or * to list all spells.
Aiming: Sticky Flame
Press: ? - help, Shift-Dir - straight line, f - ogre
Aim: an ogre, wielding a giant club The sticky flame hits the ogre.
The ogre is moderately wounded.
The ogre is covered in liquid flames!
The ogre burns!
The ogre burns!
The ogre hits you with a giant club!
Ouch! That really hurt!
You die...

### #####.####
#........#
#.###.#### #.# #.#
#.###.#############
#...@.............#
#####O###########.#
..... #.# ###.###
#.# ..# ... #.#
........ #.#
#........ #.#
#.)...... #####.#
#.... ./. #<....#
#o).#.........######


You could see an ogre (burning).

Vanquished Creatures
  Edmund (D:5)
  A gnoll sergeant (D:7)
  A giant frog (D:8)
  A crimson imp (D:7)
  A hound (D:7)
  A centaur skeleton (D:4)
  2 iguanas (D:4)
  2 worker ants
  5 adders
  9 gnolls
  2 worms
  A giant eyeball (D:7)
  3 giant geckos
  2 oozes (D:4)
  7 orcs
  A ball python (D:1)
  4 bats
  2 giant cockroaches
  4 hobgoblins
  6 jackals
  2 quokkas
  3 giant newts
  A giant newt skeleton (D:4)
  5 goblins
  4 kobolds
  2 rats (D:4)
  A rat zombie (D:5)
74 creatures vanquished.

Notes
Turn   | Place    | Note
--------------------------------------------------------------
     0 | D:1      | 4tharraofdagon, the Deep Elf Fire Elementalist, began the quest for the Orb.
     0 | D:1      | Reached XP level 1. HP: 10/10 MP: 5/5
   133 | D:1      | Found a glowing golden altar of the Shining One.
   296 | D:2      | Found a shimmering altar of Xom.
   297 | D:2      | Found a radiant altar of Vehumet.
   305 | D:2      | Became a worshipper of Vehumet
   328 | D:2      | Found a burning altar of Makhleb.
   414 | D:1      | Reached XP level 2. HP: 15/15 MP: 1/8
   471 | D:2      | Gained mutation: Your muscles are strong. (Str +2) [potion of beneficial mutation]
   566 | D:3      | Reached XP level 3. HP: 10/19 MP: 8/11
   571 | D:3      | Learned a level 3 spell: Conjure Flame
   575 | D:3      | Found an iron altar of Okawaru.
   700 | D:4      | Reached skill level 4 in Fire Magic
   829 | D:4      | Reached XP level 4. HP: 12/24 MP: 5/14
   839 | D:4      | Learned a level 4 spell: Sticky Flame
  1028 | D:4      | Acquired Vehumet's first power
  1028 | D:4      | Offered knowledge of Magic Dart by Vehumet.
  1032 | D:4      | Reached XP level 5. HP: 21/28 MP: 7/18
  1191 | D:5      | Entered Level 5 of the Dungeon
  1191 | D:5      | Noticed Edmund
  1196 | D:5      | Killed Edmund
  1196 | D:5      | Reached skill level 5 in Fire Magic
  1196 | D:5      | Reached XP level 6. HP: 32/32 MP: 3/20
  1203 | D:5      | Learned a level 5 spell: Fireball
  1224 | D:5      | Found an ancient bone altar of Kikubaaqudgha.
  1324 | D:6      | Got a crystal trident
  1328 | D:6      | Identified the +5,+5 trident "Yrix" {vamp, +Fly rF+ rC+} (You found it on level 6 of the Dungeon)
  1638 | D:8      | Offered knowledge of Sting by Vehumet.
  1647 | D:7      | Found Alluta's Assorted Antiques.
  1657 | D:7      | Bought a scroll labeled ZUDOZXAIWE for 31 gold pieces
  1657 | D:7      | Bought a vibrating lead amulet for 155 gold pieces
  1657 | D:7      | Bought a metallic blue potion for 27 gold pieces
  1657 | D:7      | Bought an inky potion for 27 gold pieces
  1658 | D:7      | Identified the amulet "Racs" {Cons +Rage Acc+5} (You bought it in a shop on level 7 of the Dungeon)
  1691 | D:7      | Reached skill level 5 in Spellcasting
  1739 | D:7      | Reached skill level 5 in Conjurations
  1739 | D:7      | Reached skill level 6 in Fire Magic
  1739 | D:7      | Reached XP level 7. HP: 12/36 MP: 7/22
  1878 | D:8      | Mangled by an ogre

Action                   |  1- 3 |  4- 6 |  7- 9 || total
-------------------------+-------+-------+-------++-------
Melee: Unarmed           |     1 |       |       ||     1
       Mace              |       |     7 |       ||     7
       Trident           |       |    17 |     1 ||    18
Throw: Dart              |     5 |       |       ||     5
 Cast: Flame Tongue      |    45 |    59 |     3 ||   107
       Conjure Flame     |     3 |     3 |       ||     6
       Sticky Flame      |       |     6 |     3 ||     9
       Fireball          |       |     2 |     1 ||     3
Evoke: Wand              |       |     4 |       ||     4
  Use: Scroll            |     3 |     6 |       ||     9
       Potion            |     1 |       |     1 ||     2
